 Dungeon Crawl Stone Soup version 0.24-a0-434-gd57e52fea8 (webtiles) character file.

Game seed: 1510305277660558273

3438 KristoblXynda the Carver (level 9, -1/79 HPs)
             Began as a White Draconian Gladiator on June 16, 2019.
             Was a Follower of Ashenzari.
             Slain by an orc warrior
             ... wielding a +0 battleaxe
              (7 damage)
             ... on level 8 of the Dungeon.
             The game lasted 00:15:44 (9627 turns).

KristoblXynda the Carver (DrGl)                     Turns: 9627, Time: 00:15:45

Health: -1/79      AC:  9    Str: 16    XL:     9   Next: 77%
Magic:  11/11      EV: 15    Int: 12    God:    Ashenzari [*.....]
Gold:   570        SH:  0    Dex: 13    Spells: 8/8 levels left

rFire    . . .     SeeInvis .   a - +1 long sword
rCold    + . .     Gourm    .   (no shield)
rNeg     . . .     Faith    .   (armour unavailable)
rPois    +         Spirit   .   b - +1 hat
rElec    .         Reflect  .   n - +0 cloak (curse)
rCorr    .         Harm     .   (no gloves)
MR       .....                  (no boots)
Stlth    +.........             (no amulet)
HPRegen  0.23/turn              r - ring of poison resistance (curse)
MPRegen  0.12/turn              (no ring)

@: short of breath
A: breathe frost, unfitting armour, cold resistance 1, cold-blooded, AC +7
a: Breathe Frost, Curse Item, Scrying, Renounce Religion


You were on level 8 of the Dungeon.
You worshipped Ashenzari.
Ashenzari was aware of your devotion.
You were hungry.

You visited 2 branches of the dungeon, and saw 9 of its levels.
You also visited: Ossuary.

You collected 595 gold pieces.
You spent 25 gold pieces at shops.

Inventory:

Hand Weapons
 a - a +1 long sword (weapon)
 k - the +8 whip of Hemom {antimagic, Str+7 Int+3}
   (You found it on level 5 of the Dungeon)

   It reduces the magical energy of the wielder, and disrupts the spells and
   magical abilities of those hit.
   Natural abilities and divine invocations are not affected.
   It affects your strength (+7).
   It affects your intelligence (+3).
Missiles
 c - 3 throwing nets (quivered)
Armour
 b - a +1 hat (worn)
 n - a cursed +0 cloak (worn)
Jewellery
 q - an uncursed ring of fire
 r - a cursed ring of poison resistance (left hand)
 v - an uncursed ring of ice
Wands
 A - a wand of disintegration (6)
Scrolls
 g - a scroll of identify
 h - a scroll of remove curse
 j - a scroll of immolation
 m - a scroll of enchant armour
 o - a scroll of enchant weapon
 p - 8 scrolls of teleportation
 y - a scroll of magic mapping {unknown}
Potions
 e - a potion of magic
 f - a potion of might
 i - 3 potions of curing
 s - 2 potions of haste
 t - a potion of berserk rage
 u - 4 potions of mutation
 w - 3 potions of lignification
 x - 2 potions of brilliance
 z - a potion of cancellation {unknown}
Comestibles
 d - 11 rations


   Skills:
 + Level 7.5 Fighting
 * Level 9.9 Long Blades
 - Level 2.4 Throwing
 + Level 6.6 Dodging
 + Level 3.6 Evocations


You had 8 spell levels left.
You didn't know any spells.
Your spell library was empty.

Dungeon Overview and Level Annotations

Branches:
Dungeon (8/15)             Temple (1/1) D:4
   Lair: D:8-11

Altars:
Ashenzari
Cheibriados
Dithmenos
Elyvilon
Fedhas
Gozag
Hepliaklqana
Kikubaaqudgha
Makhleb
Nemelex Xobeh
Okawaru
Qazlal
Ru
Sif Muna
Trog
Vehumet
Xom
Yredelemnul
Zin
The Shining One

Shops:
D:5 *


Innate Abilities, Weirdness & Mutations

You can breathe waves of freezing cold.
You can buffet flying creatures when you breathe cold.
Your icy white scales are hard. (AC +7)
You cannot fit into any form of body armour.
Your flesh is cold resistant. (rC+)
You are cold-blooded and may be slowed by cold attacks.


Message History

The orc wizard flickers and vanishes!
Deactivating autopickup; reactivate with Ctrl-A.
Found 16 arrows.
You have got your breath back.
You see here 16 arrows.
Press: ? - help, Shift-Dir - straight line, p - orc warrior You exhale a wave of freezing cold.
The freezing breath hits the orc warrior!
The orc warrior is almost dead.
You are feeling hungry.
The orc warrior hits you with a +0 battleaxe!
* * * LOW HITPOINT WARNING * * *
Unknown command.
Evoke which item? (* to show all) (? for menu, Esc to quit)
Aiming: Disintegrate
Press: ? - help, Shift-Dir - straight line, f - orc warrior
Aim: an orc warrior, wielding a +0 battleaxe and wearing a +0 chain mail (almost dead, chance to defeat MR: 79%)
The orc warrior barely resists.
The orc warrior hits you with a +0 battleaxe!
You die...

#.# #.# #.###
#.# #.# #.# #.#
#o#
#.######.#####.#
#.#
#..............#
#o#
########.#######
#o# #.# #.# #.#
#.#
#.###########.#
#.@o...oo(....#
###############


You could see an orc warrior and 2 orcs.

Vanquished Creatures
  Grinder (D:3)
  Sigmund (D:3)
  2 hungry ghosts
  3 orc warriors
  A black bear (D:7)
  2 ice beasts
  2 sky beasts
  3 ogres (D:8)
  3 centaurs
  2 elf zombies (Ossuary)
  A gnoll sergeant (D:8)
  A bullfrog (D:8)
  A scorpion (D:6)
  A bullfrog zombie (D:5)
  3 centaur zombies
  2 crimson imps
  A human zombie (Ossuary)
  2 bullfrog skeletons
  A centaur skeleton (D:8)
  4 orc priests
  5 hounds
  An iguana (D:5)
  7 orc wizards
  5 worker ants
  A hound zombie (D:8)
  2 mummies (Ossuary)
  6 adders
  7 gnolls
  4 oozes
  5 worms
  An adder skeleton (D:4)
  2 dart slugs
  5 leopard geckos
  23 orcs
  8 bats
  7 giant cockroaches
  9 goblins
  8 hobgoblins
  11 jackals
  A quokka (D:6)
  4 ball pythons
  6 frilled lizards
  A goblin zombie (Ossuary)
  9 hobgoblin zombies (Ossuary)
  A jackal zombie (Ossuary)
  12 kobolds
  12 kobold zombies (Ossuary)
  A leopard gecko zombie (D:7)
  4 orc zombies (Ossuary)
  9 rats
  3 rat zombies (Ossuary)
217 creatures vanquished.

Notes
Turn   | Place    | Note
-------+----------+-------------------------------------------
     0 | D:1      | KristoblXynda the Draconian Gladiator began the quest for
                  | the Orb.
     0 | D:1      | Reached XP level 1. HP: 17/17 MP: 1/1
    54 | D:1      | Reached XP level 2. HP: 13/25 MP: 2/2
   597 | D:1      | Reached XP level 3. HP: 24/30 MP: 3/3
  1168 | D:2      | Reached XP level 4. HP: 31/37 MP: 4/4
  1501 | D:2      | Reached skill level 4 in Long Blades
  1819 | D:3      | Noticed Sigmund
  1991 | D:3      | Reached XP level 5. HP: 23/45 MP: 5/5
  2373 | D:3      | Killed Sigmund
  2373 | D:3      | Reached skill level 5 in Long Blades
  2373 | D:3      | Reached XP level 6. HP: 24/52 MP: 6/6
  2705 | D:3      | Noticed Grinder
  2712 | D:3      | Paralysed by Grinder for 3 turns
  2716 | D:3      | Killed Grinder
  2716 | D:3      | Your scales start taking on an icy white colour.
  2716 | D:3      | Reached XP level 7. HP: 24/60 MP: 7/7
  2716 | D:3      | Gained mutation: Your flesh is cold resistant. (rC+) [White
                  | Draconian growth]
  2911 | D:3      | Found a faded altar of an unknown god.
  3179 | D:3      | Reached skill level 6 in Long Blades
  4015 | D:4      | Found a staircase to the Ecumenical Temple.
  4168 | Temple   | Entered the Ecumenical Temple
  4316 | Temple   | Became a worshipper of Ashenzari the Shackled
  4566 | D:5      | Entered Level 5 of the Dungeon
  4590 | D:5      | Reached skill level 5 in Fighting
  4712 | D:5      | Found Qoicoyclijabb's Assorted Antiques.
  4727 | D:5      | Bought a scroll labeled LEOSKE YQATU for 25 gold pieces
  4733 | D:5      | Found a blossoming altar of Fedhas.
  4905 | D:5      | Got the whip of Hemom {antimagic, Str+7 Int+3}
  4963 | D:5      | Reached skill level 7 in Long Blades
  5102 | D:5      | Reached XP level 8. HP: 57/69 MP: 8/8
  5268 | D:5      | Reached skill level 5 in Dodging
  6196 | D:6      | Reached * piety under Ashenzari
  6345 | D:6      | Reached skill level 8 in Long Blades
  6762 | D:7      | Found a sand-covered staircase.
  6777 | Ossuary  | Entered an ossuary
  6910 | Ossuary  | Reached skill level 1 in Evocations
  7390 | D:7      | Reached XP level 9. HP: 62/78 MP: 10/10
  8172 | D:8      | Reached skill level 9 in Long Blades
  8826 | D:8      | Found a shadowy altar of Dithmenos.
  8827 | D:8      | Found a hazy altar of Hepliaklqana.
  8829 | D:8      | Found a glowing silver altar of Zin.
  9627 | D:8      | Slain by an orc warrior

Levels and vault maps discovered:
D:1:      dpeg_arrival_short_road, layout_loops_ring
D:2:      layout_basic, serial_glass, glass_columns_a, glass_columns_a,
          glass_columns_a, glass_columns_c, glass_columns_b, glass_columns_c,
          glass_columns_c, glass_columns_b, glass_columns_c, glass_columns_b,
          glass_columns_a, glass_columns_b, glass_columns_b, glass_columns_a
D:3:      minmay_door_path, layout_basic,
          chequers_ecumenical_altar_simple_redux, first_ration,
          kennysheep_generic_room_5, uniq_grinder, uniq_sigmund
D:4:      layout_cave_pods, minmay_temple_entry_waves, grunt_ministairs_9
D:5:      corexii_shack_village, layout_rooms, fedhas_altar_1, serial_shops,
          kennysheep_little_box
D:6:      layout_gridville, small_statue_intersection
D:7:      layout_gridville, nicolae_ossuary_entry_plus
D:8:      layout_loops_ring, nicolae_overflow_hidden_temple
Temple:   regret_index_temple_sphere_string

Skill      XL: |  1  2  3  4  5  6  7  8  9 |
---------------+----------------------------+-----
Throwing       | 2 |  2.4
Dodging        | 3 4 5 6 |  6.6
Long Blades    | 4 5 7 8 9 |  9.9
Fighting       | 3 4 5 6 7 |  7.5
Evocations     | 1 3 |  3.6

Action                   |  1- 3 |  4- 6 |  7- 9 || total
-------------------------+-------+-------+-------++-------
Melee: Long sword        |    90 |   103 |   584 ||   777
       Tailslap          |    12 |    15 |    83 ||   110
Throw: Boomerang         |       |    13 |     9 ||    22
Invok: Curse Item        |       |       |     1 ||     1
 Abil: Breathe Frost     |       |       |     9 ||     9
Evoke: Wand              |       |       |    10 ||    10
  Use: Scroll            |       |     4 |    17 ||    21
       Potion            |       |     1 |    10 ||    11
 Stab: Sleeping          |     2 |     1 |     4 ||     7
  Eat: Chunk             |     1 |     5 |    17 ||    23
       Ration            |       |       |     5 ||     5
Armor: Skin              |    32 |    22 |   212 ||   266
Dodge: Dodged            |    88 |    86 |   440 ||   614
       Rpst.: Long sword |    33 |    23 |   136 ||   192

Table legend:
 A = Non-vault XP
 B = Vault XP
 C = Vault XP percentage of total XP
 D = Non-vault monster count
 E = Vault monster count
 F = Vault count percentage of total count
                 A         B        C        D         E       F
            +---------+---------+-------+---------+---------+-------
      Total |    3938 |     974 |  19.8 |     163 |      54 |  24.9
            +---------+---------+-------+---------+---------+-------
        D:1 |      58 |       0 |   0.0 |      30 |       0 |   0.0
        D:2 |      84 |       0 |   0.0 |      23 |       0 |   0.0
        D:3 |     119 |     534 |  81.8 |      23 |       7 |  23.3
        D:4 |     292 |      33 |  10.2 |      13 |       1 |   7.1
        D:5 |     556 |      19 |   3.3 |      26 |       9 |  25.7
        D:6 |     434 |       0 |   0.0 |      13 |       0 |   0.0
        D:7 |     605 |       0 |   0.0 |       7 |       0 |   0.0
        D:8 |    1790 |       0 |   0.0 |      28 |       0 |   0.0
    Ossuary |       0 |     388 | 100.0 |       0 |      37 | 100.0
            +---------+---------+-------+---------+---------+-------
